 Dungeon Crawl Stone Soup version 0.30-a0-696-g2367cd04db (webtiles) character file.

Game seed: 3473659558323860564

3173 Shayle the Trooper (level 9, 0/72 HPs)
             Began as a Demonspawn Reaver on Jan 21, 2023.
             Was a Believer of Ashenzari.
             Slain by a troll (8 damage)
             ... on level 8 of the Dungeon.
             The game lasted 00:24:38 (9444 turns).

Shayle the Trooper (Demonspawn Reaver)              Turns: 9444, Time: 00:24:38

Health: 0/72       AC: 18    Str: 13    XL:     9   Next: 63%
Magic:  15/15      EV: 13    Int: 25    God:    Ashenzari [**....]
Gold:   193        SH:  0    Dex: 11    Spells: 12/16 levels left

rFire   . . .      SeeInvis +    e - +1 mace (protect)
rCold   + . .      Faith    .    (no shield)
rNeg    . . .      Spirit   .    b - +0 leather armour
rPois   .          Reflect  .    (helmet restricted)
rElec   .          Harm     .    w - +1 cloak
rCorr   .          Rampage  .    r - +2 pair of gloves of Ashenzari's Doubts {Elem, Comp} (curse)
Will    .....                    (no boots)
Stlth   +++                      n - amulet of Supernal Knowledge {Acrobat, Bglg, Cun} (curse)
HPRegen 0.32/turn                j - ring of Cremastomancy {Int+6, Evo, Elem} (curse)
MPRegen 0.14/turn                u - ring of the Wild Blue Yonder {rC+, Melee, Self} (curse)

@: under a protective aura
A: horns 1, icy blue scales 2, powered by pain 1
a: Renounce Religion, Shatter the Chains


You were on level 8 of the Dungeon.
You worshipped Ashenzari.
Ashenzari was pleased with you.
You visited 2 branches of the dungeon, and saw 9 of its levels.
You also visited: Ossuary.

You collected 348 gold pieces.
You spent 155 gold pieces at shops.

Inventory:

Hand Weapons
 a - a +0 spear
 e - a +1 mace of protection (weapon)
Missiles
 g - 4 atropa-tipped darts
 y - 6 datura-tipped darts
 C - a throwing net
Armour
 b - a +0 leather armour (worn)
 r - the cursed +2 pair of gloves of Ashenzari's Doubts (worn) {Elem, Comp}
   (You found it on level 3 of the Dungeon)

   It has a curse which improves the following skills: Elements: Fire Magic, Ice
   Magic, Air Magic and Earth Magic.
   Companions: Summonings and Necromancy.
 w - a +1 cloak (worn)
Jewellery
 j - the cursed ring of Cremastomancy (left hand) {Int+6, Evo, Elem}
   (You found it on level 1 of the Dungeon)

   [ring of intelligence]

   Int:       It affects your intelligence (+6).
   It has a curse which improves the following skills: Evocations: Evocations.
   Elements:  Fire Magic, Ice Magic, Air Magic and Earth Magic.
 m - an amulet of faith
 n - the cursed amulet of Supernal Knowledge (around neck) {Acrobat, Bglg, Cun}
   (You found it on level 2 of the Dungeon)

   [amulet of the acrobat]

   It increases your evasion while moving and waiting.
   It has a curse which improves the following skills: Beguiling: Conjurations,
   Hexes and Translocations.
   Cunning:   Dodging and Stealth.
 u - the cursed ring of the Wild Blue Yonder (right hand) {rC+, Melee, Self}
   (You found it on level 3 of the Dungeon)

   [ring of protection from cold]

   rC:        It protects you from cold.
   It has a curse which improves the following skills: Melee Combat: Short
   Blades, Long Blades, Axes, Maces & Flails, Polearms, Staves and Unarmed
   Combat.
   Introspection: Fighting and Spellcasting.
Scrolls
 c - 2 scrolls of silence
 d - 2 scrolls of teleportation
 f - a scroll of fear
 i - 4 scrolls of amnesia
 k - a scroll of butterflies
 p - 3 scrolls of vulnerability
 x - 5 scrolls of identify
 B - 2 scrolls of enchant weapon
Potions
 h - 2 potions of attraction
 l - 2 potions of might
 o - a potion of cancellation
 q - 3 potions of flight
 s - a potion of curing
 t - 4 potions of lignification
 v - a potion of brilliance
 z - a potion of magic
 D - a potion of degeneration
 E - a potion of haste
 F - 2 potions of resistance


   Skills:
 + Level 6.0(7.2) Fighting
 - Level 2.6(3.7) Polearms
 + Level 2.3 Armour
 - Level 4.6(5.8) Dodging
 - Level 4.6(5.8) Stealth
 + Level 3.3(4.4) Spellcasting
 - Level 3.0(4.1) Conjurations
 + Level 3.5(5.2) Fire Magic
 + Level 3.5(5.2) Ice Magic
 + Level 3.5(5.2) Air Magic
 + Level 3.5(5.2) Earth Magic
 + Level 3.9(5.0) Evocations


You had 12 spell levels left.
You knew the following spells:

 Your Spells              Type           Power      Damage    Failure   Level
a - Kiss of Death         Conj/Necr      64%        2d10      4%          1
b - Hailstorm             Conj/Ice       29%        3d8       4%          3

Your spell library contained the following spells:

 Spells                   Type           Power      Damage    Failure   Level
 Momentum Strike          Conj/Tloc      32%        3d8       7%          2
 Lesser Beckoning         Tloc           12%        N/A       16%         2
 Gell's Gravitas          Tloc           6%         N/A       30%         3
 Teleport Other           Tloc           6%         N/A       30%         3


Dungeon Overview and Level Annotations

Branches:
Dungeon (8/15)             Temple (1/1) D:4         Ossuary (visited)
   Lair: D:8-11

Altars:
Ashenzari
Cheibriados
Dithmenos
Fedhas
Gozag
Kikubaaqudgha
Makhleb
Nemelex Xobeh
Okawaru
Qazlal
Ru
Sif Muna
Trog
Vehumet
Wu Jian
Xom
Yredelemnul

Shops:
D:2 *   D:5 ?   D:6 *

Annotations:
D:8 Maurice


Innate Abilities, Weirdness & Mutations

You have a pair of small horns on your head.
You are mostly covered in icy blue scales. (AC +3)
You sometimes gain a little power by taking damage.


Message History

The troll closely misses you.
You closely miss the troll. You headbutt the troll.
The troll is severely wounded.
The troll bites you! The troll barely misses you. The troll claws you.
You sock the troll! You headbutt the troll.
The troll is almost dead.
The troll bites you. The troll barely misses you.
The troll claws you but does no damage. The troll bites you but does no damage.
The troll claws you but does no damage. The troll closely misses you.
You barely miss the troll.
The troll is almost dead.
The howler monkey hoots and howls with incredible vigour!
The troll barely misses you. The troll completely misses you.
The troll claws you. The howler monkey closely misses you.
The orc shouts!
You hear a croak.
You hear a bellow!
You hear a shout!
You hear a bellow! x3; You hear a shout! x2
You hit the troll.
The troll is almost dead.
The troll bites you!
The troll claws you but does no damage. x2
The howler monkey barely misses you. The troll bites you!
* * * LOW HITPOINT WARNING * * *
The troll claws you but does no damage. The troll barely misses you.
You hit the troll. Your headbutt misses the troll.
The troll is almost dead.
The howler monkey misses you. The troll closely misses you.
The troll claws you but does no damage. The troll closely misses you.
The howler monkey hits you but does no damage.
You barely miss the troll.
The troll is almost dead.
The howler monkey closely misses you. The troll closely misses you.
The troll claws you.
* * * LOW HITPOINT WARNING * * *
The troll claws you!
* * * LOW HITPOINT WARNING * * *
The howler monkey hoots and howls with incredible vigour!
You hear a shout!
You hear a bellow!
You hear a shout! x3
You barely miss the troll.
The troll is almost dead.
The troll closely misses you. The troll claws you!
You die...

...........(>###.............##..
.............###.............##..
........#.....##....#......####..
...........F........##..#..####..
.......##.....##.########)##.#...
.......##^..#o....#######.##.....
F##.........##..####.........#...
##........###Th###.##.##.......
#........#...@....##.......... #
#.......##.....##)...##.#.....
#.##.......#.........##....#....#
...........##......#.)>.#..##...#
.###......##...#...#<..##.....###
...........#..##..####.##......#
#..........#..#....# #####<...##
#..........#....#.## #.....#
#...............### ##....##


You could see a troll, a bullfrog, a howler monkey (catching breath) and an orc.

Vanquished Creatures
  A two-headed ogre (D:7)
  2 yaks (D:7)
  A steam dragon (D:7)
  2 black bears
  An ice beast (D:7)
  3 elf zombies (Ossuary)
  2 phantoms (D:6)
  2 necrophages
  2 bullfrogs (D:7)
  6 scorpions
  5 killer bees (D:7)
  3 jellies
  5 orc priests
  A gnoll bouda (D:7)
  Crazy Yiuf (D:6)
  A hound (D:5)
  4 iguanas
  2 orc wizards
  2 mummies (Ossuary)
  7 gnolls
  3 adders
  A shadow imp (D:5)
  2 worms
  5 dart slugs
  17 orcs
  3 endoplasms
  2 giant cockroaches
  8 goblins
  5 hobgoblins
  8 kobolds
  5 quokkas
  15 ball pythons
  2 bats
  2 frilled lizards
  3 goblin zombies (Ossuary)
  11 hobgoblin zombies (Ossuary)
  13 kobold zombies (Ossuary)
  5 orc zombies (Ossuary)
  3 rats (D:1)
  2 rat zombies (Ossuary)
168 creatures vanquished.

Vanquished Creatures (others)
  2 fungi (D:6)
  4 plants (D:1)
6 creatures vanquished.

Grand Total: 174 creatures vanquished

Notes
Turn   | Place    | Note
-------+----------+-------------------------------------------
     0 | D:1      | Shayle the Demonspawn Reaver began the quest for the Orb.
     0 | D:1      | Reached XP level 1. HP: 16/16 MP: 3/3
   233 | D:1      | Gained mutation: You are partially covered in icy blue
                  | scales. (AC +2) [demonic ancestry]
   233 | D:1      | Reached XP level 2. HP: 22/22 MP: 5/5
   590 | D:1      | Reached skill level 1 in Stealth
  1002 | D:2      | Found Dof Vugylim's General Store.
  1007 | D:2      | Bought a scroll of identify for 26 gold pieces
  1014 | D:2      | Bought a scroll of teleportation for 39 gold pieces
  1027 | D:2      | Gained mutation: You are mostly covered in icy blue scales.
                  | (AC +3) [demonic ancestry]
  1027 | D:2      | Reached XP level 3. HP: 26/28 MP: 6/6
  1810 | D:3      | Found an ancient bone altar of Kikubaaqudgha.
  2361 | D:3      | Found a radiant altar of Vehumet.
  2621 | D:3      | Reached skill level 3 in Fighting
  2622 | D:3      | Gained mutation: You sometimes gain a little power by
                  | taking damage. [demonic ancestry]
  2622 | D:3      | Reached XP level 4. HP: 35/35 MP: 7/7
  2968 | D:4      | Found a shimmering blue altar of Sif Muna.
  2969 | D:4      | Found a stormy altar of Qazlal.
  2969 | D:4      | Found an iron altar of Okawaru.
  2969 | D:4      | Found a basalt altar of Yredelemnul.
  3208 | D:4      | Noticed a scorpion
  3209 | D:4      | Found a staircase to the Ecumenical Temple.
  3240 | D:3      | Killed a scorpion
  3241 | D:3      | Reached XP level 5. HP: 33/41 MP: 8/8
  3621 | Temple   | Entered the Ecumenical Temple
  3673 | Temple   | Became a worshipper of Ashenzari the Shackled
  4179 | D:4      | Reached skill level 4 in Fighting
  4179 | D:4      | Gained mutation: You have a pair of small horns on your
                  | head. [demonic ancestry]
  4179 | D:4      | Reached XP level 6. HP: 43/48 MP: 9/9
  4291 | D:5      | Entered Level 5 of the Dungeon
  4475 | D:5      | You fall into a shaft and drop 3 floors!
  4544 | D:7      | Noticed a two-headed ogre
  4561 | D:7      | Found a sand-covered staircase.
  4566 | Ossuary  | Entered an ossuary
  4901 | Ossuary  | Reached XP level 7. HP: 40/55 MP: 10/10
  4978 | Ossuary  | Reached skill level 1 in Ice Magic
  4978 | Ossuary  | Reached skill level 1 in Air Magic
  4978 | Ossuary  | Reached skill level 1 in Evocations
  4983 | Ossuary  | Reached skill level 1 in Fire Magic
  4995 | Ossuary  | Reached skill level 1 in Earth Magic
  5198 | D:7      | Found a blossoming altar of Fedhas.
  5336 | D:6      | Learned a level 3 spell: Hailstorm
  5351 | D:6      | Found a runed translucent door.
  5352 | D:6      | Noticed Crazy Yiuf
  5693 | D:5      | Reached XP level 8. HP: 47/61 MP: 11/11
  5873 | D:5      | Found Luinwyc's Magic Scroll Shop.
  5886 | D:5      | Bought a scroll of enchant armour for 90 gold pieces
  6172 | D:5      | Reached * piety under Ashenzari
  6223 | D:5      | Reached skill level 5 in Fighting
  6891 | D:6      | Found Xutuadua's General Store.
  7033 | D:6      | Reached ** piety under Ashenzari
  7505 | D:7      | Killed a two-headed ogre
  7506 | D:7      | Reached skill level 1 in Armour
  7506 | D:7      | Reached XP level 9. HP: 71/71 MP: 12/14
  7871 | D:8      | Found a sacrificial altar of Ru.
  7894 | D:8      | Noticed Maurice
  8345 | D:8      | Found a shimmering altar of Xom.
  8537 | D:7      | Reached skill level 6 in Fighting
  9047 | D:6      | Killed Crazy Yiuf
  9425 | D:8      | Noticed a troll
  9444 | D:8      | Slain by a troll

Illustrated notes

Levels and vault maps discovered:
D:1:      dpeg_arrival_windows_large_door, layout_basic,
          minmay_shallow_snake_nest
D:2:      layout_basic, serial_shops, shop
D:3:      layout_basic, kiku_gazebo_pond_becter, nicolae_vehumet_altar_sigil,
          grunt_ministairs_8
D:4:      layout_loops_corners, chequers_temple_overflow_statue_of_worship,
          minmay_temple_entry_statues, kennysheep_another_room,
          supply_closet_lemuel
D:5:      layout_basic, serial_shops, shop
D:6:      layout_basic, serial_shops, shop, hangedman_decor_riveting,
          nicolae_kite_square_tiling_tiny, uniq_crazy_yiuf_cottage
D:7:      layout_gridville, fedhas_altar_3, enter_ossuary_5
D:8:      layout_cave_pools, kennysheep_mini_moat, lemuel_crystal_altar,
          david_lair_shrubbed, uniq_maurice
Temple:   nicolae_temple_bog_church

Skill      XL: |  1  2  3  4  5  6  7  8  9 |
---------------+----------------------------+-----
Dodging        | 2 3 4 |  4.6
Stealth        | 1 2 3 4 |  4.6
Fighting       | 3 4 5 6 |  6.0
Ice Magic      | 1 3 |  3.5
Air Magic      | 1 3 |  3.5
Evocations     | 1 3 |  3.9
Fire Magic     | 1 3 |  3.5
Earth Magic    | 1 3 |  3.5
Armour         | 1 2 |  2.3
Spellcasting   | 3 |  3.3
Polearms       | |  2.6
Conjurations   | |  3.0

Action                   |  1- 3 |  4- 6 |  7- 9 || total
-------------------------+-------+-------+-------++-------
Melee: Spear             |    98 |       |       ||    98
       Mace              |    86 |   266 |   392 ||   744
       Punch             |       |     5 |     6 ||    11
       Headbutt          |       |    32 |    89 ||   121
 Cast: Hailstorm         |       |       |     5 ||     5
Invok: Curse Item        |       |     1 |     3 ||     4
Evoke: Wand              |       |       |    18 ||    18
  Use: Scroll            |     7 |     6 |     8 ||    21
       Potion            |       |       |     5 ||     5
 Stab: Sleeping          |     2 |     2 |     4 ||     8
Armor: Leather armour    |    52 |   215 |   298 ||   565
Dodge: Dodged            |   121 |   292 |   389 ||   802

Table legend: (Time is in decaauts)
 A = Elapsed time spent in this place.
 B = Non-inter-level travel time spent in this place.
 C = Inter-level travel time spent in this place.
 D = Time resting spent in this place.
 E = Time spent auto-exploring this place.
 F = Levels seen in this place.
 G = Mean time per level.
                   A        B        C        D        E       F      G
               +--------+--------+--------+--------+--------+-----+--------+
         Total |   9751 |   8971 |    780 |   1190 |   4753 |  10 |  975.1 |
       Dungeon |   9000 |   8239 |    761 |   1097 |   4700 |   8 | 1125.0 |
        Temple |     73 |     55 |     18 |      0 |     35 |   1 |   73.0 |
       Ossuary |    676 |    676 |      0 |     93 |     18 |   1 |  676.0 |
               +--------+--------+--------+--------+--------+-----+--------+

Top non-repeatable levels by time:
     D:7: 1732 daAuts
     D:4: 1578 daAuts
     D:6: 1328 daAuts
     D:3: 1106 daAuts
     D:5: 986 daAuts
     D:2: 949 daAuts
     D:1: 910 daAuts
 Ossuary: 676 daAuts
     D:8: 406 daAuts
  Temple: 73 daAuts
